 Dungeon Crawl Stone Soup version 0.19-a0-1268-g6c5d9f8 (webtiles) character file.

1983 Ijustatesigmund the Cutter (level 9, -7/63 HPs)
             Began as an Octopode Assassin on Aug 29, 2016.
             Was an Initiate of Ashenzari.
             Mangled by a warg (9 damage)
             ... on level 7 of the Dungeon.
             The game lasted 00:15:11 (8025 turns).

Ijustatesigmund the Cutter (Octopode Assassin)      Turns: 8025, Time: 00:15:13

Health: -7/63      AC:  1    Str: 10    XL:     9   Next: 20%
Magic:  9/9        EV: 14    Int: 14    God:    Ashenzari [......]
Gold:   334        SH:  3    Dex: 16    Spells: 0 memorised, 8 levels left

rFire  . . .     SeeInvis .     a - +3 dagger
rCold  . . .     Gourm    .     (no shield)
rNeg   . . .     Faith    .     (helmet restricted)
rPois  .         Spirit   .     m - +3 amulet of reflection (curse)
rElec  .         Dismiss  .     (no ring)
rCorr  .         Reflect  +     (no ring)
MR     .....     Harm     .     (no ring)
Stlth  +++++.....               (no ring)
                                (no ring)
                                (no ring)
                                (no ring)
                                (no ring)

@: lethally poisoned (-7 -> -11)
A: almost no armour, stealthy swim, amphibious, 8 rings, constrict 8, camouflage
1, gelatinous body 1
a: Curse Item, Renounce Religion


You were on level 7 of the Dungeon.
You worshipped Ashenzari.
Ashenzari was noncommittal.
You were not hungry.

You visited 2 branches of the dungeon, and saw 8 of its levels.

You collected 334 gold pieces.

Inventory:

Hand Weapons
 a - a +3 dagger (weapon)
 b - a +0 blowgun
Missiles
 c - 21 poisoned needles
 d - 2 curare-tipped needles
 l - 14 javelins (quivered)
Armour
 v - a +0 shield
Jewellery
 m - a cursed +3 amulet of reflection (around mantle)
Wands
 s - a wand of paralysis (0/24)
 y - a wand of slowing (29/48)
Scrolls
 e - 2 scrolls of amnesia
 h - a scroll of enchant armour
 k - a scroll of recharging
 p - a scroll of enchant weapon
 t - a scroll of magic mapping
Potions
 g - a potion of brilliance
 i - 2 potions of haste
 n - a potion of flight
 o - a potion of curing
 r - a potion of might {unknown}
 u - 2 potions of magic {unknown}
 w - 2 potions of agility {unknown}
 x - 2 potions of resistance {unknown}
Comestibles
 f - 5 bread rations
 j - 2 meat rations
 q - a fruit


   Skills:
 + Level 6.8 Fighting
 + Level 6.8 Short Blades
 + Level 6.8 Throwing
 - Level 2.3 Dodging
 - Level 6.0 Stealth


You had 8 spell levels left.
You didn't know any spells.

Dungeon Overview and Level Annotations

Branches:
Dungeon (7/15)             Temple (1/1) D:5

Altars:
Ashenzari
Cheibriados
Dithmenos
Elyvilon
Gozag
Hepliaklqana
Makhleb
Nemelex Xobeh
Okawaru
Qazlal
Sif Muna
Trog
Uskayaw
Vehumet
Xom
Yredelemnul
Zin
The Shining One

Shops:
D:6 %


Innate Abilities, Weirdness & Mutations

You cannot wear most types of armour.
You are very stealthy in the water.
You are amphibious.
You can wear up to eight rings at the same time.
You can use your tentacles to constrict eight enemies at once.
Your skin changes colour to match your surroundings (Stealth+).
Your rubbery body absorbs attacks. (AC +1, EV +1)


Message History

You hit the centaur zombie.
The centaur zombie is heavily damaged.
You feel sick.
The centaur shoots an arrow.
The arrow hits you. The centaur zombie hits you. The warg barely misses you.
You block the worker ant's attack.
You hit the centaur zombie.
The centaur zombie is heavily damaged.
You feel sick. The centaur zombie hits you. The warg bites you.
You closely miss the worker ant. You grab the worker ant.
You constrict the worker ant. The worker ant misses you.
The centaur zombie closely misses you.
The centaur shoots an arrow.
The arrow hits you! The warg barely misses you.
You hit the worker ant. You squeeze the worker ant!
The worker ant is severely wounded.
You constrict the worker ant, but do no damage.
The worker ant closely misses you.
The centaur shoots an arrow.
The arrow hits you!
* * * LOW HITPOINT WARNING * * *
x2 The centaur zombie barely misses you.
The warg bites you!
You die...

#..h.##.## ##.......
#)...##h.# #........
###.####.###........
#.# #...#..<.....
#h# ###.#........
#.# ##.#........
#.#####...........
##a#...c.####.....#
.######Z@..#####
##..... .(?....h(###
####. .....#.### #
.### #. #. .. .. ≈≈≈
≈≈≈


You could see 2 wargs, a centaur, a worker ant and a centaur zombie.

Vanquished Creatures
  A sky beast (D:5)
  An ice beast (D:6)
  A necrophage (D:5)
  3 phantoms
  3 ogres
  A centaur (D:6)
  2 giant frogs (D:6)
  3 scorpions
  A howler monkey (D:6)
  A crimson imp (D:4)
  3 hounds
  2 orc priests (D:6)
  A jelly (D:5)
  5 orc wizards
  4 iguanas
  Terence (D:3)
  3 worker ants
  4 gnolls (D:6)
  10 adders
  An adder zombie (D:6)
  3 worms (D:3)
  2 dart slugs
  4 giant geckos
  14 orcs
  11 bats
  9 giant cockroaches
  7 goblins
  11 hobgoblins
  8 jackals
  8 quokkas
  2 ball pythons
  8 giant newts
  7 kobolds
  A quokka skeleton (D:5)
  6 rats
152 creatures vanquished.

Notes
Turn   | Place    | Note
-------+----------+-------------------------------------------
     0 | D:1      | Ijustatesigmund the Octopode Assassin began the quest for the Orb.
     0 | D:1      | Reached XP level 1. HP: 14/14 MP: 1/1
    61 | D:1      | Reached XP level 2. HP: 19/19 MP: 2/2
   446 | D:1      | Reached XP level 3. HP: 25/25 MP: 3/3
  1094 | D:2      | Found an iron altar of Okawaru.
  1383 | D:2      | Found a snail-covered altar of Cheibriados.
  1383 | D:2      | Found a glowing golden altar of the Shining One.
  1410 | D:2      | Reached XP level 4. HP: 30/30 MP: 4/4
  1645 | D:2      | Found a deep blue altar of Sif Muna.
  2263 | D:2      | Reached XP level 5. HP: 33/36 MP: 5/5
  2463 | D:3      | Found a hazy altar of Hepliaklqana.
  2497 | D:3      | Found a faded altar of an unknown god.
  3335 | D:3      | Noticed Terence
  3346 | D:3      | Killed Terence
  3535 | D:3      | Found a stormy altar of Qazlal.
  3537 | D:3      | Noticed an air elemental
  3538 | D:3      | Noticed a water elemental
  3538 | D:3      | Noticed a fire elemental
  3599 | D:2      | Found a white marble altar of Elyvilon.
  3653 | D:4      | Found a basalt altar of Yredelemnul.
  3688 | D:4      | Noticed an ogre
  3695 | D:4      | Killed an ogre
  3695 | D:4      | Reached XP level 6. HP: 42/42 MP: 6/6
  3712 | D:4      | Noticed a phantom
  3805 | D:4      | Found an iron altar of Okawaru.
  4681 | D:5      | Entered Level 5 of the Dungeon
  4694 | D:5      | Found a staircase to the Ecumenical Temple.
  4856 | D:5      | Reached XP level 7. HP: 15/48 MP: 7/7
  5168 | Temple   | Entered the Ecumenical Temple
  5284 | Temple   | Became a worshipper of Ashenzari the Shackled
  5621 | D:5      | Reached skill level 5 in Short Blades
  5727 | D:5      | Reached skill level 5 in Fighting
  5727 | D:5      | Reached skill level 5 in Throwing
  5727 | D:5      | Reached XP level 8. HP: 55/55 MP: 8/8
  6017 | D:5      | Found a burning altar of Makhleb.
  6440 | D:6      | Found Bigaumn's Food Emporium.
  6695 | D:6      | Reached XP level 9. HP: 24/63 MP: 9/9
  7192 | D:6      | Found a glowing golden altar of the Shining One.
  7222 | D:6      | Found an opulent altar of Gozag.
  8025 | D:7      | HP: 3/63 [centaur/arrow (16)]
  8025 | D:7      | Mangled by a warg

Vault maps used:
D:1:      saegor_arrival_simple_e
D:2:      lemuel_blue_sif_altar, nicolae_overflow_hidden_temple, first_bread,
          okawaru_trees_1
D:3:      old_standard_altar, nicolae_qazlal_style_of_elements,
          ecumenical_altar_1, uniq_terence
D:4:      old_standard_altar, yredelemnul_altar_generic
D:5:      kennysheep_mini_moat
D:6:      lemuel_doored_altar, serial_shops, shop_coins,
          nicolae_tso_carved_into_rock
D:7:      lemuel_castle_with_subvaults, grunt_temple_overflow_growth_and_decay
Temple:   nicolae_temple_figure_zero

Skill      XL: |  1  2  3  4  5  6  7  8 |
---------------+-------------------------+-----
Dodging        | 2 |  2.3
Stealth        | 6 |  6.0
Fighting       | 3 4 5 6 |  6.8
Short Blades   | 3 4 5 6 |  6.8
Throwing       | 3 5 6 |  6.8

Action                   |  1- 3 |  4- 6 |  7- 9 || total
-------------------------+-------+-------+-------++-------
Melee: Dagger            |    60 |   151 |   205 ||   416
       Constrict         |    13 |    27 |    38 ||    78
       Tentacles         |     5 |    25 |    43 ||    73
 Fire: Blowgun           |       |    24 |    32 ||    56
Throw: Javelin           |     3 |       |       ||     3
Invok: Curse Item        |       |       |     1 ||     1
Evoke: Wand              |       |     2 |     3 ||     5
  Use: Scroll            |     6 |     8 |     2 ||    16
       Potion            |       |     1 |     2 ||     3
 Stab: Sleeping          |    19 |    12 |    12 ||    43
       Paralysed         |       |     1 |     1 ||     2
       Distracted        |       |       |     1 ||     1
  Eat: Chunk             |     1 |    10 |     6 ||    17
       Beef jerky        |       |     1 |       ||     1
       Fruit             |       |       |     4 ||     4
Armor: Skin              |     3 |     6 |     9 ||    18
Dodge: Dodged            |    31 |    66 |    83 ||   180
Block: Other             |       |     4 |    14 ||    18
       Reflection        |       |       |     1 ||     1
